 Dungeon Crawl Stone Soup version 0.31-a0-174-g85c54bcb58 (webtiles) character file.

Game seed: 15681710878641060909

2870 qw the Skirmisher (level 9, -10/85 HPs)
             Began as a Naga Hunter on June 15, 2023.
             Was a Follower of Okawaru.
             Killed from afar by an oklob plant (25 damage)
             ... with a splash of acid
             ... on level 8 of the Dungeon.
             The game lasted 00:03:10 (6387 turns).

qw the Skirmisher (Naga Hunter)                     Turns: 6387, Time: 00:03:11

Health: -10/85     AC:  0    Str: 13    XL:     9   Next: 76%
Magic:  12/12      EV: 11    Int: 10    God:    Okawaru [*.....]
Gold:   478        SH:  0    Dex: 19    Spells: 8/8 levels left

rFire   . . .        Y - +0 orcbow
rCold   . . .        (shield currently unavailable)
rNeg    . . .        c - +0 leather armour
rPois   +            (no helmet)
rElec   .            n - +2 cloak
rCorr   .            (no gloves)
SInv    +            (no barding)
Will    +....        i - amulet of regeneration
Stlth   ++           (no ring)
HPRegen 1.14/turn    (no ring)
MPRegen 0.13/turn

%: no passive effects
@: corroded, very slow
A: AC +3, large, see invisible, deformed body, poison resistance, slowness 2,
spit poison 1, naga tail 1
a: Spit Poison, Renounce Religion, Heroism


You were on level 8 of the Dungeon.
You worshipped Okawaru.
Okawaru was aware of your devotion.
You visited 2 branches of the dungeon, and saw 9 of its levels.

You collected 478 gold pieces.


Innate Abilities, Weirdness & Mutations

Your serpentine skin is tough. (AC +3)
You have supernaturally acute eyesight. (SInv)
Armour fits poorly on your strangely shaped body.
Your system is resistant to poisons. (rPois)
You cover ground very slowly.
You can spit poison.
You have a snake-like lower body.


   Skills:
 + Level 6.6 Fighting
 - Level 10.0 Ranged Weapons
 - Level 1.4 Armour
 - Level 3.1 Dodging
 - Level 1.5 Stealth
 - Level 4.0 Invocations


You had 8 spell levels left.
You didn't know any spells.
Your spell library was empty.

Inventory:

Hand Weapons
 Y - a +0 orcbow (weapon)
Armour
 c - a +0 leather armour (worn)
 n - a +2 cloak (worn)
Jewellery
 f - a ring of fire
 i - an amulet of regeneration (around neck)
Scrolls
 d - a scroll of enchant armour
 e - a scroll of identify
Potions
 a - 3 potions of curing
 b - a potion of cancellation
 m - a potion of might
 o - a potion of haste {unknown}

Dungeon Overview and Level Annotations

Branches:
Dungeon (8/15)             Temple (1/1) D:4
   Lair: D:8-11

Altars:
Ashenzari
Cheibriados
Dithmenos
Elyvilon
Fedhas
Gozag
Hepliaklqana
Kikubaaqudgha
Makhleb
Okawaru
Qazlal
Ru
Sif Muna
Uskayaw
Vehumet
Wu Jian
Xom
Yredelemnul
Zin
The Shining One

Shops:
D:5 *

Annotations:
D:8 exclusions: oklob plant and oklob sapling


Message History

Enter note:
Enter note:
Enter note:
Enter note:
Enter note:
Enter note:
Enter note:
Enter note:
Enter note:
Enter note:
Enter note:
Enter note:
Enter note:
Enter note:
Enter note:
Enter note:
Enter note:
Enter note:
Enter note:
Enter note:
Enter note:
Enter note:
Enter note:
Enter note:
Enter note:
Enter note:
Enter note:
Enter note:
Enter note:
Enter note:
Enter note: The oklob sapling spits acid at you.
The splash of acid hits you!! The acid corrodes you!
The oklob plant spits acid at you. The splash of acid hits you!!
The acid corrodes you! The oklob sapling spits acid at you.
The splash of acid hits you! The acid corrodes you!
The oklob plant spits acid at you. The splash of acid hits you!!
You die...

#.##..## 7~~#+# 7.#
###.###.# ~77~7777777.#
........## 777~~~~7~PP7.#
.........# 7~~~~~~P~~!7.#
.........7 7~~~~~~~~P~7.#
.........77~P7~~~~~~P77.#
......)..777.7~~~~P~~7..#
.........77!77~~~~~~77.##
.........7.7..7~@~~77..#
.........7~777777.~77.##
........>7~~~....7777.#
########...~~...).....#
#..............#
#..............#
#..............#
##............##
##..........##


You could see an oklob plant and an oklob sapling.

Vanquished Creatures
  Prince Ribbit (D:6)
  A water moccasin (D:8)
  An orc warrior (D:7)
  An ice beast (D:8)
  2 sky beasts
  A black bear (D:5)
  4 ogres
  A centaur (D:7)
  A phantom (D:6)
  A kobold brigand (D:4)
  3 scorpions
  3 bullfrogs
  7 killer bees
  2 howler monkeys (D:6)
  7 hounds
  A jelly (D:4)
  2 orc priests
  6 orc wizards
  3 iguanas
  10 adders
  2 white imps
  An ufetubus (D:5)
  5 worms
  4 dart slugs
  35 orcs
  14 ball pythons
  5 endoplasms
  A giant cockroach (D:1)
  7 goblins
  9 hobgoblins
  3 jackals (D:2)
  8 quokkas
  4 bats
  2 frilled lizards
  7 kobolds
  5 rats
  A spectral goblin (D:7)
171 creatures vanquished.

Vanquished Creatures (others)
  An orc wizard (D:5)
1 creature vanquished.

Grand Total: 172 creatures vanquished

Notes
Turn   | Place    | Note
-------+----------+-------------------------------------------
     0 | D:1      | qw the Naga Hunter began the quest for the Orb.
     0 | D:1      | Reached XP level 1. HP: 19/19 MP: 1/1
     0 | D:1      | 0 ||| qw: Version: 0.2-a-29-g511e9b1
     0 | D:1      | 0 ||| qw: Game counter: 5465
     0 | D:1      | 0 ||| qw: Always use a shield: true
     0 | D:1      | 0 ||| qw: God list: Okawaru
     0 | D:1      | 0 ||| qw: Allow faded altars: false
     0 | D:1      | 0 ||| qw: Do Orc after D:15 true
     0 | D:1      | 0 ||| qw: Do second Lair branch before Depths: true
     0 | D:1      | 0 ||| qw: Lair rune preference: random
     0 | D:1      | 0 ||| qw: Plans: Normal
     0 | D:1      | 0 ||| PLANNING D:1-11
    11 | D:1      | 11 ||| INVOKING Spit Poison.
    17 | D:1      | 17 ||| INVOKING Spit Poison.
    70 | D:1      | 70 ||| INVOKING Spit Poison.
    75 | D:1      | 75 ||| INVOKING Spit Poison.
    78 | D:1      | Reached skill level 4 in Ranged Weapons
    78 | D:1      | Reached XP level 2. HP: 26/26 MP: 2/2
    79 | D:1      | 79 ||| INVOKING Spit Poison.
    80 | D:1      | 80 ||| INVOKING Spit Poison.
   154 | D:1      | 154 ||| INVOKING Spit Poison.
   203 | D:1      | 203 ||| INVOKING Spit Poison.
   206 | D:1      | 206 ||| INVOKING Spit Poison.
   231 | D:1      | 231 ||| INVOKING Spit Poison.
   241 | D:1      | 241 ||| INVOKING Spit Poison.
   288 | D:1      | 288 ||| INVOKING Spit Poison.
   308 | D:1      | 308 ||| INVOKING Spit Poison.
   350 | D:1      | 350 ||| INVOKING Spit Poison.
   436 | D:1      | 436 ||| INVOKING Spit Poison.
   452 | D:1      | 452 ||| INVOKING Spit Poison.
   544 | D:1      | 544 ||| INVOKING Spit Poison.
   545 | D:1      | Reached XP level 3. HP: 32/32 MP: 3/3
   678 | D:1      | 678 ||| INVOKING Spit Poison.
   682 | D:1      | 682 ||| INVOKING Spit Poison.
   693 | D:1      | 693 ||| INVOKING Spit Poison.
   721 | D:1      | 721 ||| DROPPING scarf of invisibility.
   722 | D:1      | 722 ||| UPGRADING to amulet of regeneration.
   727 | D:1      | 727 ||| READING scroll labelled NIADWE YKLYCA.
   728 | D:1      | 728 ||| READING 3 scrolls labelled WYTYOR VASE.
   729 | D:1      | 729 ||| READING scroll labelled RURAGIAKYI.
   730 | D:1      | 730 ||| READING 2 scrolls of identify.
   730 | D:1      | 730 ||| IDENTIFYING yellow potion
   731 | D:1      | 731 ||| DROPPING scroll of butterflies.
   782 | D:2      | 782 ||| INVOKING Spit Poison.
   840 | D:2      | 840 ||| INVOKING Spit Poison.
   844 | D:2      | 844 ||| INVOKING Spit Poison.
   847 | D:2      | 847 ||| INVOKING Spit Poison.
   940 | D:2      | 940 ||| INVOKING Spit Poison.
  1113 | D:2      | 1113 ||| INVOKING Spit Poison.
  1188 | D:2      | 1188 ||| INVOKING Spit Poison.
  1220 | D:2      | 1220 ||| INVOKING Spit Poison.
  1229 | D:2      | 1229 ||| INVOKING Spit Poison.
  1240 | D:2      | 1240 ||| INVOKING Spit Poison.
  1246 | D:2      | 1246 ||| INVOKING Spit Poison.
  1297 | D:2      | 1297 ||| UPGRADING to +0 cloak.
  1302 | D:2      | 1302 ||| DROPPING +6 ring of intelligence.
  1303 | D:2      | 1303 ||| READING scroll labelled EFISSI HIETHRIU.
  1304 | D:2      | 1304 ||| READING scroll labelled ORIT BONYG.
  1305 | D:2      | 1305 ||| READING scroll labelled JIJIAT PIEME.
  1328 | D:3      | 1328 ||| INVOKING Spit Poison.
  1332 | D:3      | 1332 ||| INVOKING Spit Poison.
  1370 | D:3      | 1370 ||| INVOKING Spit Poison.
  1374 | D:3      | 1374 ||| DRINKING potion of curing.
  1374 | D:3      | 1374 ||| (to cure confusion)
  1376 | D:3      | 1376 ||| INVOKING Spit Poison.
  1378 | D:3      | Reached skill level 5 in Ranged Weapons
  1378 | D:3      | Reached XP level 4. HP: 35/39 MP: 4/4
  1385 | D:3      | 1385 ||| INVOKING Spit Poison.
  1388 | D:3      | 1388 ||| INVOKING Spit Poison.
  1411 | D:3      | 1411 ||| INVOKING Spit Poison.
  1446 | D:3      | Found a snail-covered altar of Cheibriados.
  1449 | D:3      | 1449 ||| INVOKING Spit Poison.
  1454 | D:3      | 1454 ||| INVOKING Spit Poison.
  1457 | D:3      | 1457 ||| INVOKING Spit Poison.
  1463 | D:3      | 1463 ||| INVOKING Spit Poison.
  1467 | D:3      | 1467 ||| INVOKING Spit Poison.
  1485 | D:3      | 1485 ||| INVOKING Spit Poison.
  1491 | D:3      | 1491 ||| INVOKING Spit Poison.
  1498 | D:3      | 1498 ||| INVOKING Spit Poison.
  1524 | D:3      | You fall into a shaft and drop 1 floor!
  1524 | D:4      | Found a burning altar of Makhleb.
  1535 | D:4      | 1535 ||| INVOKING Spit Poison.
  1542 | D:4      | 1542 ||| INVOKING Spit Poison.
  1549 | D:4      | 1549 ||| DRINKING 2 fizzy pink potions.
  1550 | D:4      | 1550 ||| DROPPING potion of invisibility.
  1559 | D:3      | 1559 ||| INVOKING Spit Poison.
  1610 | D:3      | 1610 ||| INVOKING Spit Poison.
  1613 | D:3      | 1613 ||| INVOKING Spit Poison.
  1616 | D:3      | 1616 ||| INVOKING Spit Poison.
  1619 | D:3      | Reached skill level 3 in Fighting
  1619 | D:3      | Reached XP level 5. HP: 37/49 MP: 5/5
  1621 | D:3      | 1621 ||| INVOKING Spit Poison.
  1735 | D:3      | Found an ancient bone altar of Kikubaaqudgha.
  1740 | D:3      | 1740 ||| INVOKING Spit Poison.
  1784 | D:3      | 1784 ||| INVOKING Spit Poison.
  1790 | D:3      | 1790 ||| INVOKING Spit Poison.
  1998 | D:3      | 1998 ||| READING 3 scrolls of identify.
  1998 | D:3      | 1998 ||| IDENTIFYING metallic blue potion
  1999 | D:3      | 1999 ||| READING 2 scrolls of identify.
  1999 | D:3      | 1999 ||| IDENTIFYING black potion
  2000 | D:3      | 2000 ||| DROPPING potion of berserk rage.
  2013 | D:4      | Noticed a kobold brigand
  2014 | D:4      | 2014 ||| INVOKING Spit Poison.
  2018 | D:4      | 2018 ||| INVOKING Spit Poison.
  2021 | D:4      | 2021 ||| INVOKING Spit Poison.
  2022 | D:4      | 2022 ||| INVOKING Spit Poison.
  2026 | D:4      | 2026 ||| INVOKING Spit Poison.
  2026 | D:4      | Killed a kobold brigand
  2027 | D:4      | Reached XP level 6. HP: 46/56 MP: 6/6
  2084 | D:4      | 2084 ||| READING 2 scrolls of enchant armour.
  2084 | D:4      | 2084 ||| ENCHANTING +0 cloak.
  2085 | D:4      | 2085 ||| READING scroll of enchant armour.
  2085 | D:4      | 2085 ||| ENCHANTING +1 cloak.
  2092 | D:4      | 2092 ||| INVOKING Spit Poison.
  2096 | D:4      | Reached skill level 6 in Ranged Weapons
  2099 | D:4      | 2099 ||| INVOKING Spit Poison.
  2105 | D:4      | Found a staircase to the Ecumenical Temple.
  2106 | D:4      | 2106 ||| PLANNING TEMPLE
  2106 | D:4      | 2106 ||| READING 2 scrolls of identify.
  2106 | D:4      | 2106 ||| IDENTIFYING grey potion
  2107 | D:4      | 2107 ||| DROPPING potion of enlightenment.
  2116 | Temple   | Entered the Ecumenical Temple
  2311 | Temple   | 2311 ||| PLANNING D:1-11
  2453 | D:4      | 2453 ||| INVOKING Spit Poison.
  2457 | D:4      | 2457 ||| INVOKING Spit Poison.
  2461 | D:4      | 2461 ||| INVOKING Spit Poison.
  2463 | D:4      | HP: 9/56 [ogre/+0 giant spiked club (19)]
  2465 | D:4      | 2465 ||| INVOKING Spit Poison.
  2517 | D:4      | Found an iron altar of Okawaru.
  2518 | D:4      | 2518 ||| PLANNING OKAWARU WORSHIP
  2518 | D:4      | 2518 ||| INVOKING Spit Poison.
  2519 | D:4      | 2519 ||| READING scroll labelled LISIVAMAFU.
  2527 | D:4      | Became a worshipper of Warmaster Okawaru
  2528 | D:4      | 2528 ||| PLANNING D:1-11
  2560 | D:4      | 2560 ||| INVOKING Spit Poison.
  2567 | D:4      | 2567 ||| INVOKING Spit Poison.
  2571 | D:4      | Reached XP level 7. HP: 49/64 MP: 7/7
  2694 | D:4      | 2694 ||| INVOKING Spit Poison.
  2899 | D:4      | 2899 ||| INVOKING Spit Poison.
  2902 | D:4      | 2902 ||| INVOKING Spit Poison.
  3020 | D:4      | 3020 ||| INVOKING Spit Poison.
  3110 | D:5      | Entered Level 5 of the Dungeon
  3111 | D:5      | 3111 ||| INVOKING Spit Poison.
  3113 | D:5      | Found Raihos's Neck Hole.
  3116 | D:5      | 3116 ||| SHOPLISTING amulet of faith (440 gold, have 218).
  3116 | D:5      | 3116 ||| SHOPLISTING amulet of reflection (330 gold, have
                  | 218).
  3121 | D:5      | 3121 ||| INVOKING Spit Poison.
  3125 | D:5      | 3125 ||| INVOKING Spit Poison.
  3131 | D:5      | 3131 ||| INVOKING Spit Poison.
  3133 | D:5      | Reached * piety under Okawaru
  3134 | D:5      | Reached skill level 7 in Ranged Weapons
  3171 | D:5      | 3171 ||| INVOKING Spit Poison.
  3199 | D:5      | 3199 ||| INVOKING Spit Poison.
  3206 | D:5      | 3206 ||| INVOKING Spit Poison.
  3210 | D:5      | 3210 ||| INVOKING Spit Poison.
  3311 | D:5      | Reached skill level 1 in Invocations
  3334 | D:5      | 3334 ||| INVOKING Spit Poison.
  3355 | D:5      | 3355 ||| INVOKING Heroism.
  3356 | D:5      | 3356 ||| INVOKING Spit Poison.
  3364 | D:5      | 3364 ||| INVOKING Spit Poison.
  3369 | D:5      | 3369 ||| INVOKING Spit Poison.
  3376 | D:5      | 3376 ||| INVOKING Spit Poison.
  3383 | D:5      | 3383 ||| INVOKING Spit Poison.
  3436 | D:5      | 3436 ||| INVOKING Spit Poison.
  3469 | D:5      | 3469 ||| INVOKING Spit Poison.
  3472 | D:5      | 3472 ||| INVOKING Spit Poison.
  3597 | D:5      | 3597 ||| INVOKING Spit Poison.
  3598 | D:5      | Reached XP level 8. HP: 72/72 MP: 9/9
  3602 | D:5      | 3602 ||| INVOKING Spit Poison.
  3605 | D:5      | 3605 ||| INVOKING Spit Poison.
  3834 | D:5      | 3834 ||| READING scroll labelled XECHEHONAR.
  3835 | D:5      | 3835 ||| DRINKING 2 glowing pink potions.
  3836 | D:5      | 3836 ||| READING 2 scrolls of identify.
  3836 | D:5      | 3836 ||| IDENTIFYING glowing silvery potion
  3837 | D:5      | 3837 ||| DROPPING potion of brilliance.
  3838 | D:5      | 3838 ||| DROPPING potion of attraction.
  3850 | D:6      | 3850 ||| INVOKING Spit Poison.
  3853 | D:6      | 3853 ||| INVOKING Spit Poison.
  3861 | D:6      | 3861 ||| INVOKING Spit Poison.
  3867 | D:6      | 3867 ||| INVOKING Spit Poison.
  3871 | D:6      | 3871 ||| INVOKING Heroism.
  3872 | D:6      | 3872 ||| INVOKING Spit Poison.
  3878 | D:6      | Reached skill level 8 in Ranged Weapons
  3878 | D:6      | Reached skill level 3 in Invocations
  3881 | D:6      | 3881 ||| INVOKING Spit Poison.
  3885 | D:6      | 3885 ||| INVOKING Heroism.
  3886 | D:6      | 3886 ||| INVOKING Spit Poison.
  3891 | D:6      | 3891 ||| INVOKING Spit Poison.
  3988 | D:6      | 3988 ||| INVOKING Heroism.
  3989 | D:6      | 3989 ||| INVOKING Spit Poison.
  3994 | D:6      | 3994 ||| INVOKING Spit Poison.
  3998 | D:6      | 3998 ||| INVOKING Spit Poison.
  4002 | D:6      | 4002 ||| INVOKING Spit Poison.
  4009 | D:6      | 4009 ||| INVOKING Spit Poison.
  4014 | D:6      | 4014 ||| INVOKING Spit Poison.
  4121 | D:6      | Noticed Prince Ribbit
  4122 | D:6      | 4122 ||| INVOKING Heroism.
  4123 | D:6      | 4123 ||| INVOKING Spit Poison.
  4129 | D:6      | 4129 ||| INVOKING Spit Poison.
  4138 | D:6      | 4138 ||| INVOKING Spit Poison.
  4143 | D:6      | 4143 ||| INVOKING Spit Poison.
  4148 | D:6      | 4148 ||| INVOKING Spit Poison.
  4153 | D:6      | Killed Prince Ribbit
  4193 | D:6      | 4193 ||| INVOKING Spit Poison.
  4349 | D:6      | 4349 ||| INVOKING Spit Poison.
  4353 | D:6      | 4353 ||| INVOKING Spit Poison.
  4355 | D:6      | Reached skill level 9 in Ranged Weapons
  4400 | D:6      | 4400 ||| READING scroll labelled DAGODE MUIKUO.
  4489 | D:7      | 4489 ||| INVOKING Spit Poison.
  4506 | D:7      | 4506 ||| INVOKING Spit Poison.
  4509 | D:7      | Reached skill level 1 in Armour
  4509 | D:7      | Reached XP level 9. HP: 81/81 MP: 12/12
  4633 | D:7      | 4633 ||| INVOKING Spit Poison.
  4644 | D:7      | 4644 ||| INVOKING Heroism.
  4645 | D:7      | 4645 ||| INVOKING Spit Poison.
  4651 | D:7      | 4651 ||| INVOKING Spit Poison.
  4658 | D:7      | 4658 ||| INVOKING Spit Poison.
  4661 | D:7      | Reached skill level 3 in Dodging
  4709 | D:7      | 4709 ||| READING 3 scrolls of enchant weapon.
  4709 | D:7      | 4709 ||| ENCHANTING +1 shortbow.
  4710 | D:7      | 4710 ||| READING 2 scrolls of enchant weapon.
  4710 | D:7      | 4710 ||| ENCHANTING +2 shortbow.
  4711 | D:7      | 4711 ||| READING scroll of enchant weapon.
  4711 | D:7      | 4711 ||| ENCHANTING +3 shortbow.
  4796 | D:7      | 4796 ||| INVOKING Spit Poison.
  4842 | D:7      | 4842 ||| INVOKING Spit Poison.
  4889 | D:7      | 4889 ||| INVOKING Spit Poison.
  4928 | D:7      | 4928 ||| DRINKING 2 potions of curing.
  4928 | D:7      | 4928 ||| (to cure confusion)
  4930 | D:7      | 4930 ||| INVOKING Spit Poison.
  4935 | D:7      | 4935 ||| INVOKING Spit Poison.
  4952 | D:7      | 4952 ||| INVOKING Spit Poison.
  5119 | D:7      | 5119 ||| INVOKING Heroism.
  5120 | D:7      | 5120 ||| INVOKING Spit Poison.
  5135 | D:7      | Found a radiant altar of Vehumet.
  5150 | D:7      | 5150 ||| INVOKING Spit Poison.
  5156 | D:7      | Reached skill level 6 in Fighting
  5158 | D:7      | 5158 ||| INVOKING Spit Poison.
  5269 | D:7      | 5269 ||| INVOKING Spit Poison.
  5272 | D:7      | 5272 ||| INVOKING Spit Poison.
  5274 | D:7      | 5274 ||| INVOKING Heroism.
  5308 | D:7      | Found a hazy altar of Hepliaklqana.
  5309 | D:7      | 5309 ||| INVOKING Spit Poison.
  5314 | D:7      | 5314 ||| UPGRADING to +0 orcbow.
  5315 | D:7      | 5315 ||| DROPPING +4 shortbow.
  5536 | D:7      | 5536 ||| INVOKING Heroism.
  5537 | D:7      | 5537 ||| INVOKING Spit Poison.
  5620 | D:7      | 5620 ||| READING scroll labelled JIQ JISULY.
  5621 | D:7      | 5621 ||| READING scroll labelled MENUWUK UNEITH.
  5626 | D:7      | 5626 ||| READING scroll labelled GICEPHINNI.
  5627 | D:7      | 5627 ||| READING 2 scrolls of identify.
  5627 | D:7      | 5627 ||| IDENTIFYING bubbling grey potion
  5662 | D:8      | Found a shimmering altar of Xom.
  5667 | D:8      | Noticed an angel
  5670 | D:8      | Found a glowing silver altar of Zin.
  5682 | D:8      | 5682 ||| INVOKING Spit Poison.
  5715 | D:8      | 5715 ||| INVOKING Spit Poison.
  5724 | D:8      | Found a shimmering blue altar of Sif Muna.
  5734 | D:8      | 5734 ||| INVOKING Spit Poison.
  5746 | D:8      | 5746 ||| INVOKING Spit Poison.
  5814 | D:8      | 5814 ||| INVOKING Spit Poison.
  5815 | D:8      | Reached ** piety under Okawaru
  5820 | D:8      | 5820 ||| INVOKING Spit Poison.
  5822 | D:8      | 5822 ||| INVOKING Heroism.
  5839 | D:8      | 5839 ||| INVOKING Spit Poison.
  5844 | D:8      | Reached skill level 10 in Ranged Weapons
  5911 | D:8      | 5911 ||| INVOKING Spit Poison.
  5930 | D:8      | 5930 ||| INVOKING Spit Poison.
  5940 | D:8      | 5940 ||| INVOKING Spit Poison.
  6101 | D:8      | 6101 ||| INVOKING Spit Poison.
  6107 | D:8      | 6107 ||| INVOKING Spit Poison.
  6112 | D:8      | 6112 ||| INVOKING Spit Poison.
  6115 | D:8      | 6115 ||| INVOKING Spit Poison.
  6116 | D:8      | 6116 ||| INVOKING Heroism.
  6120 | D:8      | 6120 ||| INVOKING Spit Poison.
  6193 | D:8      | 6193 ||| INVOKING Heroism.
  6194 | D:8      | 6194 ||| READING scroll labelled QINOMOG RUMEPT.
  6201 | D:8      | HP: 19/85 [oklob sapling/splash of acid (33)]
  6202 | D:8      | Noticed an oklob plant
  6386 | D:8      | HP: 13/85 [oklob sapling/splash of acid (14)]
  6387 | D:8      | Killed from afar by an oklob plant

Levels and vault maps discovered:
D:1:      heliophobic_arrival_ceremonial_halls, layout_loops_ring
D:2:      minmay_wonky_spiral, layout_basic
D:3:      layout_basic, slow_altar_1, kiku_gazebo_pond_becter, st_stairs_8
D:4:      layout_basic, kennysheep_okawaru_gauntlet,
          mainiacjoe_overflow_brackets, minmay_temple_entry_tees
D:5:      layout_loops_ring, nicolae_shop_sticking_my_neck_out
D:6:      layout_basic, chequers_mini_garden, uniq_prince_ribbit1
D:7:      layout_layer_cave, vehumet_crystals,
          nicolae_hepliaklqana_monster_ancestors
D:8:      layout_rooms, grunt_temple_overflow_order_and_chaos_1,
          mainiacjoe_overflow_small_starburst, introduction_to_nature_2
Temple:   minmay_temple_curvy_loop

Skill      XL: |  1  2  3  4  5  6  7  8  9 |
---------------+----------------------------+-----
Ranged Weapons | 4 5 6 7 9 10 | 10.0
Fighting       | 3 4 5 6 |  6.6
Invocations    | 2 4 |  4.0
Dodging        | 2 3 |  3.1
Armour         | 1 |  1.4
Stealth        | |  1.5

Action                     |  1- 3 |  4- 6 |  7- 9 || total
---------------------------+-------+-------+-------++-------
   Fire: Shortbow          |    66 |   114 |   266 ||   446
         Orcbow            |       |       |    78 ||    78
 Invoke: Heroism           |       |       |    12 ||    12
Ability: Spit Poison       |    34 |    34 |    80 ||   148
    Use: Scroll            |     7 |     6 |    11 ||    24
         Potion            |     1 |     1 |     2 ||     4
 Armour: Leather armour    |     4 |    14 |    74 ||    92
  Dodge: Dodged            |    17 |    25 |   106 ||   148

Table legend:
 A = Non-vault XP
 B = Vault XP
 C = Vault XP percentage of total XP
 D = Non-vault monster count
 E = Vault monster count
 F = Vault count percentage of total count
                 A         B        C        D         E       F
            +---------+---------+-------+---------+---------+-------
      Total |    3558 |     543 |  13.2 |     147 |      25 |  14.5
            +---------+---------+-------+---------+---------+-------
        D:1 |      45 |       0 |   0.0 |      24 |       0 |   0.0
        D:2 |      23 |       9 |  28.1 |      11 |       5 |  31.2
        D:3 |     139 |       8 |   5.4 |      23 |       3 |  11.5
        D:4 |     448 |       4 |   0.9 |      11 |       2 |  15.4
        D:5 |     534 |       0 |   0.0 |      28 |       0 |   0.0
        D:6 |     780 |     274 |  26.0 |      17 |       1 |   5.6
        D:7 |    1099 |       3 |   0.3 |      21 |       2 |   8.7
        D:8 |     490 |     245 |  33.3 |      12 |      12 |  50.0
            +---------+---------+-------+---------+---------+-------
